 Dungeon Crawl Stone Soup version 0.22-a0-533-g4d20840 (webtiles) character file.

30 iamserjio the Charmwright (level 3, -6/31 HPs)
             Began as a Gnoll Skald on June 22, 2018.
             Killed themself with a badly aimed fireball (13 damage)
             ... on level 4 of the Dungeon.
             The game lasted 00:02:06 (188 turns).

iamserjio the Charmwright (Gnoll Skald)              Turns: 188, Time: 00:02:07

Health: -6/31      AC:  3    Str: 13    XL:     3   Next: 20%
Magic:  7/9        EV: 14    Int: 16    God:
Gold:   5          SH:  0    Dex: 14    Spells: 1/12 levels left

rFire    . . .     SeeInvis .   a - +0 hand axe
rCold    . . .     Gourm    .   (no shield)
rNeg     . . .     Faith    .   b - +0 leather armour
rPois    .         Spirit   .   (no helmet)
rElec    .         Reflect  .   (no cloak)
rCorr    .         Harm     .   (no gloves)
MR       .....                  (no boots)
Stlth    +.........             (no amulet)
HPRegen  0.10/turn              (no ring)
MPRegen  0.11/turn              (no ring)

@: no status effects
A: distributed training, fangs 1, strong nose
a: no special abilities


You were on level 4 of the Dungeon.
You were not hungry.

You visited 1 branch of the dungeon, and saw 4 of its levels.

You collected 5 gold pieces.

Inventory:

Hand Weapons
 a - a +0 hand axe (weapon)
Armour
 b - a +0 leather armour (worn)
Wands
 e - a wand of random effects (2)
Scrolls
 c - a scroll of blinking {unknown}
Comestibles
 d - 2 rations


   Skills:
 + Level 4.5 Fighting
 + Level 0.6 Short Blades
 + Level 0.6 Long Blades
 + Level 4.5 Axes
 + Level 0.6 Maces & Flails
 + Level 0.6 Polearms
 + Level 0.6 Staves
 + Level 0.6 Slings
 + Level 0.6 Bows
 + Level 0.6 Crossbows
 + Level 0.6 Throwing
 + Level 2.5 Armour
 + Level 4.5 Dodging
 + Level 0.6 Stealth
 + Level 0.6 Shields
 + Level 0.6 Unarmed Combat
 + Level 5.0 Spellcasting
 + Level 0.4 Conjurations
 + Level 0.4 Hexes
 + Level 5.4 Charms
 + Level 0.4 Summonings
 + Level 0.4 Necromancy
 + Level 0.4 Translocations
 + Level 0.4 Transmutations
 + Level 0.4 Fire Magic
 + Level 0.4 Ice Magic
 + Level 0.4 Air Magic
 + Level 0.4 Earth Magic
 + Level 0.4 Poison Magic
 + Level 0.8 Invocations
 + Level 0.6 Evocations


You had one spell level left.
You knew the following spells:

 Your Spells              Type           Power        Failure   Level  Hunger
a - Infusion              Chrm           ###.         2%          1    None
b - Spectral Weapon       Hex/Chrm       ##......     17%         3    ###....
c - Song of Slaying       Chrm           ###.....     3%          2    #......
d - Regeneration          Chrm/Necr      ##........   17%         3    ###....
e - Shroud of Golubria    Chrm/Tloc      ##........   9%          2    #......

Your spell library contained the following spells:

 Spells                   Type           Power        Failure   Level  Hunger


Dungeon Overview and Level Annotations

Branches:
Dungeon (4/15)
 Temple: D:4-7

Altars:

Annotations:
D:4 Grinder


Innate Abilities, Weirdness & Mutations

Your experience applies equally to all skills.
You have very sharp teeth.
Your uncanny sense of smell can sniff out nearby items.


Message History

Press: ? - help, Shift-Dir - straight line Nothing appears to happen.
Your shroud bends something's attack away!
You hit something but do no damage. Something hits you but does no damage.
Evoke which item? (* to show all) (? for menu, Esc to quit)
Aiming: Random Effects
Press: ? - help, Shift-Dir - straight line Nothing appears to happen.
Something hits you.
You writhe in agony.
Your shroud falls apart!
Evoke which item? (* to show all) (? for menu, Esc to quit)
Aiming: Random Effects
Press: ? - help, Shift-Dir - straight line Nothing appears to happen.
Pain shoots through your body!
* * * LOW HITPOINT WARNING * * *
Evoke which item? (* to show all) (? for menu, Esc to quit)
Aiming: Random Effects
Press: ? - help, Shift-Dir - straight line The fireball explodes!
The fireball engulfs something.
The fireball engulfs you!
You die...

###########
##.........########
#.@####.##.........
#.{## ##.#.........
..... .#.........
....... .#.........
....... .#..<..>...
....... .#....††...
#####.. ∆
##.........
#...######..........
.........#####...


There were no monsters in sight!

Vanquished Creatures
  A worker ant (D:4)
  A giant cockroach (D:2)
  A goblin (D:1)
  2 jackals (D:4)
  A bat (D:1)
  A rat (D:2)
7 creatures vanquished.

Notes
Turn   | Place    | Note
-------+----------+-------------------------------------------
     0 | D:1      | iamserjio the Gnoll Skald began the quest for the Orb.
     0 | D:1      | Reached XP level 1. HP: 20/20 MP: 6/6
   104 | D:4      | Noticed a worker ant
   107 | D:4      | Reached XP level 2. HP: 21/26 MP: 3/7
   110 | D:4      | Reached skill level 5 in Spellcasting
   110 | D:4      | Reached XP level 3. HP: 19/31 MP: 0/9
   115 | D:4      | Learned a level 3 spell: Spectral Weapon
   118 | D:4      | Learned a level 2 spell: Song of Slaying
   122 | D:4      | Learned a level 3 spell: Regeneration
   125 | D:4      | Learned a level 2 spell: Shroud of Golubria
   176 | D:4      | Noticed Grinder
   188 | D:4      | Killed themself with a badly aimed fireball

Vault maps used:
D:1:      grunt_arrival_lava_bath, lemuel_old_faithful
D:2:      grunt_temple_overflow_open
D:3:      lemuel_round_altar, first_ration, dk_yredelemnul_ordeal
D:4:      kennysheep_mini, serial_shops, shop, chei_slow_surprise, uniq_grinder

Skill      XL: |  1  2 |
---------------+-------+-----
Spellcasting   | 5 |  5.0
Fighting       | |  4.5
Short Blades   | |  0.6
Long Blades    | |  0.6
Axes           | |  4.5
Maces & Flails | |  0.6
Polearms       | |  0.6
Staves         | |  0.6
Slings         | |  0.6
Bows           | |  0.6
Crossbows      | |  0.6
Throwing       | |  0.6
Armour         | |  2.5
Dodging        | |  4.5
Stealth        | |  0.6
Shields        | |  0.6
Unarmed Combat | |  0.6
Conjurations   | |  0.4
Hexes          | |  0.4
Charms         | |  5.4
Summonings     | |  0.4
Necromancy     | |  0.4
Translocations | |  0.4
Transmutations | |  0.4
Fire Magic     | |  0.4
Ice Magic      | |  0.4
Air Magic      | |  0.4
Earth Magic    | |  0.4
Poison Magic   | |  0.4
Invocations    | |  0.8
Evocations     | |  0.6

Action                   || total
-------------------------++-------
Melee: Hand axe          ||    15
       Bite              ||     1
 Cast: Infusion          ||     1
       Shroud of Golubri ||     1
Evoke: Wand              ||     7
Armor: Leather armour    ||     5
Dodge: Dodged            ||    14

Table legend:
 A = Spawn XP
 B = Non-spawn XP
 C = Spawn XP percentage of total XP
 D = Spawn monster count
 E = Non-spawn monster count
 F = Spawn count percentage of total count
 G = Total turns spent on level
                    A         B        C        D         E        F      G
               +---------+---------+-------+---------+---------+-------+---------
         Total |       0 |      44 |   0.0 |       0 |       7 |   0.0 |   188
               +---------+---------+-------+---------+---------+-------+---------
           D:1 |       0 |       3 |   0.0 |       0 |       2 |   0.0 |    66
           D:2 |       0 |       3 |   0.0 |       0 |       2 |   0.0 |    18
           D:4 |       0 |      38 |   0.0 |       0 |       3 |   0.0 |    90
               +---------+---------+-------+---------+---------+-------+---------
